 Dungeon Sprint DCSS version 0.28-a0-883-gc8d7bad45d (webtiles) character file.

Game seed: 415866740914676826

13552 mhtbhm the Bludgeoner (level 11, -1/121 HPs)
             Began as a Minotaur Fighter on Nov 22, 2021.
             Was an Initiate of Gozag.
             Slain by a deep troll (15 damage)
             ... in the Dungeon (Sprint IX: "|||||||||||||||||||||||||||||").
             The game lasted 00:04:13 (2170 turns).

mhtbhm the Bludgeoner (Minotaur Fighter)            Turns: 2170, Time: 00:04:14

Health: -1/121     AC: 26    Str: 24    XL:     11   Next: 77%
Magic:  10/10      EV: 13    Int:  5    God:    Gozag
Gold:   6341       SH:  7    Dex: 10    Spells: 10/10 levels left

rFire   + + .      SeeInvis .   a - +2 morningstar (protect)
rCold   + . .      Faith    .   c - +0 buckler
rNeg    . . .      Spirit   .   b - +1 chain mail {rF+}
rPois   +          Reflect  .   (helmet restricted)
rElec   +          Harm     .   (no cloak)
rCorr   +          Rampage  .   n - +0 pair of gloves
Will    .....      NoTele   +   m - +0 pair of boots
Stlth   ..........              (no amulet)
HPRegen 0.30/turn               p - +2 ring of protection
MPRegen 0.12/turn               o - +2 ring of evasion

@: mighty, brilliant, resistant, gold aura, under a protective aura, hasted,
invisible, very quick
A: horns 2, retaliatory headbutt
a: Renounce Religion, Potion Petition, Call Merchant, Bribe Branch


You were in the Dungeon.
You worshipped Gozag.
Gozag was greatly pleased with you.
You visited 1 branch You collected 7405 gold pieces.
You paid 1064 gold pieces to Gozag.

Inventory:

Hand Weapons
 a - a +2 morningstar of protection (weapon)
Armour
 b - a +1 chain mail of fire resistance (worn)
 c - a +0 buckler (worn)
 m - a +0 pair of boots (worn)
 n - a +0 pair of gloves (worn)
Jewellery
 o - a +2 ring of evasion (right hand)
 p - a +2 ring of protection (left hand)
Wands
 l - a wand of iceblast (6)
Scrolls
 j - 2 scrolls of blinking
 k - 2 scrolls of amnesia
 r - a scroll of identify
 s - a scroll of fear
 t - 2 scrolls of enchant weapon
Potions
 d - a potion of might
 e - 8 potions of curing
 g - 2 potions of haste
 h - 4 potions of magic
 i - a potion of heal wounds
 q - a potion of mutation


   Skills:
 + Level 18.3 Fighting
 + Level 20.6 Maces & Flails
 + Level 15.0 Armour
 + Level 7.8 Dodging
 - Level 4.6 Stealth
 + Level 14.5 Shields
 + Level 0.4 Evocations


You had 10 spell levels left.
You didn't know any spells.
Your spell library contained the following spells:

 Spells                   Type           Power      Damage    Failure   Level
 Corpse Rot               Necr/Air       0%         N/A       98%         2
 Poisonous Vapours        Pois/Air       0%         N/A       98%         2


Dungeon Overview and Level Annotations

Branches:
Dungeon (1/1)

Altars:
Cheibriados
Dithmenos
Elyvilon
Fedhas
Gozag
Hepliaklqana
Kikubaaqudgha
Makhleb
Nemelex Xobeh
Okawaru
Qazlal
Ru
Sif Muna
Trog
Uskayaw
Vehumet
Wu Jian
Xom
Yredelemnul
Zin
The Shining One
Beogh
Jiyva
Lugonu

Shops:
D :[=[


Innate Abilities, Weirdness & Mutations

You have a pair of horns on your head.
You reflexively headbutt those who attack you in melee.


Message History

The ettin is almost dead.
Unknown command.
Unknown command.
You hit the ettin.
Your weapon exudes an aura of protection.
You headbutt the ettin, but do no damage.
The ettin is almost dead.
You block the ettin's attack.
The ettin hits you with a +0 dire flail!
* * * LOW HITPOINT WARNING * * *
You completely miss the ettin.
The ettin is almost dead.
Unknown command.
You hit the ettin but do no damage.
The ettin is almost dead.
You bludgeon the ettin!!
You kill the ettin!
Your Armour skill increases to level 15!
Unknown command.
You block the deep troll's attack. The deep troll completely misses you.
The deep troll claws you.
* * * LOW HITPOINT WARNING * * *
Things that are here:
234 gold pieces; a +0 great mace; a +0 dire flail You puncture the deep troll!
The deep troll is lightly wounded.
You closely miss the deep troll.
You headbutt the deep troll, but do no damage.
The deep troll is lightly wounded.
The deep troll bites you.
* * * LOW HITPOINT WARNING * * *
The deep troll barely misses you. The deep troll claws you!
* * * LOW HITPOINT WARNING * * *
You impale the deep troll!! You headbutt the deep troll.
The deep troll is severely wounded.
You barely miss the deep troll. You headbutt the deep troll!
The deep troll is severely wounded.
The deep troll bites you!
You die...
Your body crumbles into a pile of gold.

▓.....C.T.....))).))
▓.▓▓▓▓▓▓▓▓▓▓▓▓▓▓▓▓▓▓
▓...................
▓▓▓▓▓▓▓▓▓▓▓▓▓▓▓▓▓▓▓▓
▓.....C.T......)[...
▓.▓▓▓▓▓▓▓▓▓▓▓▓▓▓▓▓▓▓
▓...................
▓▓▓▓▓▓▓▓▓▓▓▓▓▓▓▓▓▓▓▓
▓<.@T).....).....'__
▓▓▓▓▓▓▓▓▓▓▓▓▓▓▓▓▓▓▓▓


You could see a deep troll.

Vanquished Creatures
  A stone giant (D)
  2 ettins (D)
  A hydra (D)
  A centaur warrior (D)
  An ogre mage (D)
  A two-headed ogre (D)
  3 deep trolls (D)
  A cyclops (D)
  An ugly thing (D)
  2 cane toads (D)
  An unseen horror (D)
  Psyche (D)
  4 komodo dragons (D)
  3 polar bears (D)
  4 trolls (D)
  A basilisk (D)
  A vampire mosquito (D)
  An acid dragon (D)
  7 water moccasins (D)
  5 black bears (D)
  12 orc warriors (D)
  A wolf (D)
  2 bullfrogs (D)
  A gnoll sergeant (D)
  A wight (D)
  4 orc priests (D)
  A hound (D)
  A jelly (D)
  2 orc wizards (D)
  An adder (D)
  7 orcs (D)
  A bat skeleton (D)
  A bat zombie (D)
  An endoplasm (D)
  A kobold (D)
  A quokka (D)
  A ball python zombie (D)
  A frilled lizard (D)
  A quokka zombie (D)
  A rat (D)
84 creatures vanquished.

Notes
Turn   | Place    | Note
-------+----------+-------------------------------------------
     0 | D        | mhtbhm the Minotaur Fighter began the quest for the Orb.
     0 | D        | Reached XP level 1. HP: 19/19 MP: 0/0
    81 | D        | Noticed a jelly
    81 | D        | Noticed a hound
    85 | D        | Killed a jelly
    86 | D        | Reached skill level 5 in Fighting
    86 | D        | Reached skill level 3 in Maces & Flails
    86 | D        | Reached skill level 5 in Armour
    86 | D        | Reached skill level 5 in Shields
    86 | D        | Reached XP level 2. HP: 29/29 MP: 1/1
    86 | D        | Reached XP level 3. HP: 36/36 MP: 2/2
    92 | D        | Reached skill level 4 in Maces & Flails
    92 | D        | Reached XP level 4. HP: 45/45 MP: 3/3
    98 | D        | Found a snail-covered altar of Cheibriados.
    98 | D        | Found a shadowy altar of Dithmenos.
    98 | D        | Found a white marble altar of Elyvilon.
    98 | D        | Found a blossoming altar of Fedhas.
    98 | D        | Found an opulent altar of Gozag.
    99 | D        | Found a hazy altar of Hepliaklqana.
   100 | D        | Found a viscous altar of Jiyva.
   101 | D        | Found an ancient bone altar of Kikubaaqudgha.
   102 | D        | Found a corrupted altar of Lugonu.
   103 | D        | Found a burning altar of Makhleb.
   104 | D        | Found a sparkling altar of Nemelex Xobeh.
   105 | D        | Found an iron altar of Okawaru.
   106 | D        | Found a stormy altar of Qazlal.
   107 | D        | Found a sacrificial altar of Ru.
   112 | D        | Became a worshipper of Gozag Ym Sagoz the Greedy
   115 | D        | Found a shimmering blue altar of Sif Muna.
   116 | D        | Found a bloodstained altar of Trog.
   117 | D        | Found a hide-covered altar of Uskayaw.
   118 | D        | Found a radiant altar of Vehumet.
   119 | D        | Found an ornate altar of the Wu Jian Council.
   120 | D        | Found a shimmering altar of Xom.
   121 | D        | Found a basalt altar of Yredelemnul.
   122 | D        | Found a glowing silver altar of Zin.
   136 | D        | Found a glowing golden altar of the Shining One.
   189 | D        | Noticed an acid dragon
   189 | D        | Noticed a gnoll sergeant
   193 | D        | Killed an acid dragon
   194 | D        | Reached skill level 6 in Maces & Flails
   194 | D        | Reached XP level 5. HP: 32/53 MP: 4/4
   203 | D        | Reached skill level 7 in Maces & Flails
   203 | D        | Reached skill level 1 in Dodging
   203 | D        | Reached XP level 6. HP: 32/62 MP: 5/5
   357 | D        | Noticed a two-headed ogre
   357 | D        | Noticed a vampire mosquito
   357 | D        | Noticed a centaur warrior
   357 | D        | Noticed a cyclops
   357 | D        | Noticed a cyan ugly thing
   361 | D        | Killed a two-headed ogre
   362 | D        | Reached skill level 10 in Fighting
   362 | D        | Reached skill level 11 in Maces & Flails
   362 | D        | Reached skill level 10 in Shields
   362 | D        | Reached XP level 7. HP: 73/73 MP: 6/6
   362 | D        | Killed a vampire mosquito
   367 | D        | Killed a centaur warrior
   368 | D        | Reached skill level 12 in Maces & Flails
   368 | D        | Reached XP level 8. HP: 73/83 MP: 7/7
   372 | D        | Killed a cyclops
   373 | D        | Reached skill level 13 in Maces & Flails
   373 | D        | Reached XP level 9. HP: 71/90 MP: 8/8
   377 | D        | Killed a cyan ugly thing
   378 | D        | Reached skill level 14 in Maces & Flails
   383 | D        | Killed an unseen horror
   615 | D        | Noticed a komodo dragon
   615 | D        | Noticed a komodo dragon
   615 | D        | Noticed a komodo dragon
   615 | D        | Noticed a komodo dragon
   619 | D        | Killed a komodo dragon
   620 | D        | Reached skill level 15 in Maces & Flails
   624 | D        | Killed a komodo dragon
   627 | D        | Killed a komodo dragon
   628 | D        | Reached skill level 16 in Maces & Flails
   630 | D        | Killed a komodo dragon
   644 | D        | Reached XP level 10. HP: 71/102 MP: 9/9
   764 | D        | Noticed a cane toad
   764 | D        | Noticed a cane toad
   764 | D        | Noticed a four-headed hydra
   770 | D        | Reached skill level 17 in Maces & Flails
   777 | D        | Killed a four-headed hydra
   782 | D        | Reached skill level 1 in Stealth
   791 | D        | Killed a cane toad
   793 | D        | Killed a cane toad
   794 | D        | Reached skill level 18 in Maces & Flails
   807 | D        | Reached skill level 15 in Fighting
  1071 | D        | Reached skill level 5 in Dodging
  1208 | D        | Noticed Psyche
  1219 | D        | Killed Psyche
  1268 | D        | Noticed an ettin
  1279 | D        | Killed an ettin
  1280 | D        | Reached skill level 19 in Maces & Flails
  1280 | D        | Reached XP level 11. HP: 102/114 MP: 10/10
  1509 | D        | Found Foaruf's Book Emporium.
  1509 | D        | Noticed an ogre mage
  1509 | D        | Noticed a stone giant
  1509 | D        | Noticed a deep troll
  1511 | D        | Killed an ogre mage
  1516 | D        | Noticed a deep troll
  1521 | D        | Killed a stone giant
  1522 | D        | Found Siugoipn's Antique Armour Shoppe.
  1525 | D        | Killed a deep troll
  1526 | D        | Reached skill level 20 in Maces & Flails
  1531 | D        | Killed a deep troll
  1797 | D        | Found Qanottif's Jewellery Emporium.
  1801 | D        | Found Loephiun's Antique Armour Shoppe.
  1803 | D        | Noticed a deep troll
  1803 | D        | Noticed an ettin
  1804 | D        | Noticed a deep troll
  1805 | D        | Noticed a deep troll
  1806 | D        | Noticed a deep troll
  1814 | D        | Killed a deep troll
  2165 | D        | Killed an ettin
  2166 | D        | Reached skill level 15 in Armour
  2170 | D        | Slain by a deep troll

Illustrated notes

Levels and vault maps discovered:
D:        linesprint [early_d, line_temple, items_1, d_10, items_2, lair_1,
          lair_end, items_3, orc_1, orc_end, items_4, d_15, swamp_1, shoals_1,
          snake_1, spider_1, d_20, vaults_1, items_5, swamp_end, shoals_end,
          snake_end, spider_end, vaults_end, d_27, items_6, zot_1, zot_end,
          crypt_end, forest_end, elf_end, slime_end, tomb_end, abyss_end,
          pan_hell_end]

Skill      XL: |  1  2  3  4  5  6  7  8  9 10 11 |
---------------+----------------------------------+-----
Fighting       | 5 6 7 8 10 11 12 13 16 18 | 18.3
Armour         | 5 6 7 8 11 12 13 14 15 | 15.0
Shields        | 5 6 7 8 10 11 12 13 14 | 14.5
Maces & Flails | 3 4 6 7 11 12 13 16 19 20 | 20.6
Dodging        | 1 2 3 5 7 |  7.8
Stealth        | 3 4 |  4.6
Evocations     | |  0.4

Action                   |  1- 3 |  4- 6 |  7- 9 | 10-12 || total
-------------------------+-------+-------+-------+-------++-------
Melee: Flail             |    22 |       |       |       ||    22
       Headbutt          |     4 |     7 |    14 |    42 ||    67
       Morningstar       |       |    19 |    44 |   213 ||   276
Invok: Potion Petition   |       |     1 |       |     1 ||     2
Evoke: Wand              |       |       |       |     4 ||     4
  Use: Potion            |     2 |       |       |     3 ||     5
       Scroll            |       |       |       |     2 ||     2
 Stab: Distracted        |       |       |       |     5 ||     5
Armor: Scale mail        |     3 |    12 |     9 |    56 ||    80
       Chain mail        |       |       |       |     7 ||     7
Dodge: Dodged            |     8 |     9 |    13 |    65 ||    95
Block: Buckler           |     4 |     4 |     9 |    45 ||    62

Table legend: (Time is in decaauts)
 A = Elapsed time spent in this place.
 B = Non-inter-level travel time spent in this place.
 C = Inter-level travel time spent in this place.
 D = Time resting spent in this place.
 E = Time spent auto-exploring this place.
 F = Levels seen in this place.
 G = Mean time per level.
                   A        B        C        D        E       F      G
               +--------+--------+--------+--------+--------+-----+--------+
         Total |   2092 |   2092 |      0 |    874 |    203 |   1 | 2092.0 |
       Dungeon |   2092 |   2092 |      0 |    874 |    203 |   1 | 2092.0 |
               +--------+--------+--------+--------+--------+-----+--------+

Top non-repeatable levels by time:
       D: 2092 daAuts
